Jets vs Sabres

Created - 13 mai 2013 at 19:10

Goals
1 2 3 T
Jets 2 3 2 7
Sabres 1 2 2 5
Shots
1 2 3 T
Jets 10 14 5 29
Sabres 7 15 11 33

1st period

1. Sabres , Markus Naslund 41 (Michal Rozsival, Mats Sundin) at 6:15
2. Jets , Jussi Jokinen 21 (Kyle Wellwood, Dmitri Kalinin) at 16:01
3. Jets , Jason Allison 43 (Benoit Pouliot, Shane Doan) at 19:02 (PP)

Penalties :
Adam Burish (Win) for Hooking (Minor) at 2:31, Sean Avery (Buf) for Hooking (Minor) at 13:36, Niclas Bergfors (Buf) for Hooking (Minor) at 18:18

2nd period

4. Sabres , Markus Naslund 42 (Michal Rozsival) at 0:20
5. Jets , Jussi Jokinen 22 (Dmitri Kalinin, Jeff Schultz) at 11:18
6. Jets , Martin Erat 22 (Kyle Wellwood) at 11:53
7. Jets , Shane Doan 39 (Dmitri Kalinin, Jason Allison) at 13:28
8. Sabres , Niclas Bergfors 17 (Brendan Morrison) at 16:36

Penalties :
Adam Burish (Win) for Interference (Minor) at 2:34, Tomas Kopecky (Buf) for Elbowing (Minor) at 13:14, Pavel Kubina (Win) for Roughing (Minor) at 13:14

3rd period

9. Jets , Martin Erat 23 (Niklas Kronwall) at 1:35 (PP)
10. Sabres , Boyd Devereaux 11 (Sean Avery) at 11:39
11. Sabres , Markus Naslund 43 (Jason Smith, Vesa Toskala) at 12:57 (PP)
12. Jets , Jason Arnott 22 (Keith Tkachuk, Pavel Kubina) at 19:19

Penalties :
Daniel Cleary (Buf) for Roughing (Minor) at 0:59, Shane Doan (Win) for Holding (Minor) at 3:11, Jason Arnott (Win) for Goalie Interference (Minor) at 11:42, Mats Sundin (Buf) for Fighting (Major) at 13:04, Jason Arnott (Win) for Fighting (Major) at 13:04, Mats Sundin (Buf) for instigated a fight (Minor) at 13:04, Mats Sundin (Buf) for instigated a fight (10 Minutes Misconduct) at 13:04, Benoit Pouliot (Win) for Holding (Minor) at 13:07

Goalie Stats

Maxime Daigneault (Win), 28 saves from 33 shots - (0,848), W, 29-14-8, 60:00 minutes
Niklas Backstrom (Buf), 14 saves from 18 shots - (0,778), 31:53 minutes
Vesa Toskala (Buf), 8 saves from 11 shots - (0,727), L, 8-6-0, 28:07 minutes

Players Stats for Jets

Player Name              G  A  P  +/- PIM S  H  SB GA TA FO     MP     PP MP  PK MP  
------------------------------------------------------------------------------------
Adam Burish              0  0  0  -2  4   2  0  1  1  0  0/0    16:07   0:00   2:04 
Benoit Pouliot           0  1  1   0  2   5  3  1  1  0  0/1    19:14   2:07   2:12 
Bryce Salvador           0  0  0  -1  0   0  3  1  0  2  0/0    22:28   0:00   4:12 
Colin White              0  0  0  -1  0   0  1  0  0  0  0/0    14:53   0:00   3:03 
David Vyborny            0  0  0   1  0   2  1  0  0  1  0/0     7:31   0:00   0:00 
Dmitri Kalinin           0  3  3   0  0   0  1  1  1  0  0/0    28:51   2:10   4:09 
Jason Allison            1  1  2   0  0   4  2  2  0  0  22/30  19:19   2:08   1:04 
Jason Arnott             1  0  1  -2  7   2  1  1  0  0  6/18   18:07   1:14   2:59 
Jeff Schultz             0  1  1   1  0   0  0  0  1  2  0/0    23:13   1:12   3:03 
Jussi Jokinen            2  0  2   3  0   2  0  0  0  0  0/0    12:59   0:00   0:38 
Keith Tkachuk            0  1  1  -2  0   2  1  0  0  0  1/2    17:36   1:14   1:20 
Kyle Wellwood            0  2  2   3  0   1  1  3  0  2  4/10   12:30   0:00   2:53 
Martin Erat              2  0  2   2  0   5  2  0  0  0  0/0    11:19   1:14   0:00 
Mike Leclerc             0  0  0   0  0   0  1  0  0  0  0/0     6:32   0:00   0:00 
Niklas Kronwall          0  1  1   0  0   0  2  1  1  0  0/0    15:36   2:10   0:03 
Pavel Kubina             0  1  1   2  2   3  1  1  0  1  0/0    15:44   1:12   0:00 
Shane Doan               1  1  2   0  2   1  1  1  1  0  0/0    17:52   2:08   0:00 
Tuomo Ruutu              0  0  0   0  0   0  0  0  0  0  0/3     8:52   0:00   1:20 

Players Stats for Sabres

Player Name              G  A  P  +/- PIM S  H  SB GA TA FO     MP     PP MP  PK MP  
------------------------------------------------------------------------------------
Boyd Devereaux           1  0  1   1  0   4  1  0  0  0  1/2     7:26   0:00   0:42 
Brendan Morrison         0  1  1  -1  0   5  1  0  0  0  4/11   17:53   3:12   0:47 
Chris Simon              0  0  0  -1  0   0  3  0  0  0  0/1    18:51   3:12   1:27 
Dan McGillis             0  0  0   0  0   1  2  0  1  0  0/0    18:59   2:19   0:57 
Daniel Cleary            0  0  0   0  2   3  0  0  0  1  0/1    17:56   3:51   0:00 
Dominic Moore            0  0  0  -1  0   0  0  0  0  0  5/8    14:13   0:15   0:00 
Jason Smith              0  1  1   1  0   0  0  1  2  2  0/0    29:08   4:56   2:25 
Kyle Calder              0  0  0   0  0   2  1  0  1  0  0/2    14:13   0:11   0:14 
Markus Naslund           3  0  3  -1  0   5  2  0  0  1  1/4    21:22   3:52   1:41 
Mats Sundin              0  1  1   1  17  4  0  0  1  1  18/33  23:18   3:49   1:43 
Mattias Timander         0  0  0  -2  0   1  0  6  0  0  0/0    11:53   0:00   0:00 
Michal Rozsival          0  2  2   2  0   3  2  0  2  1  0/0    25:32   4:56   2:25 
Niclas Bergfors          1  0  1  -1  2   2  0  1  0  0  0/0    16:42   3:12   0:00 
Niclas Havelid           0  0  0  -2  0   1  1  0  1  0  0/0    11:53   0:00   0:00 
Ole-Kristian Tollefsen   0  0  0   0  0   1  2  1  0  0  0/0    18:59   2:19   0:57 
Sean Avery               0  1  1   1  2   0  0  0  0  0  1/1     8:40   0:00   0:10 
Stanislav Neckar         0  0  0  -1  0   0  0  0  0  0  0/0     3:36   0:00   0:00 
Tomas Kopecky            0  0  0   0  2   1  0  0  0  0  1/1    12:04   0:11   0:00 

3 Stars

1 - Markus Naslund (Buf)
2 - Jussi Jokinen (Win)
3 - Martin Erat (Win)

Power Play

Jets - 2 on 4 Attempt(s) - 50,00%
Sabres - 1 on 5 Attempt(s) - 20,00%

Penalty Kill

Jets - 4 on 5 Attempt(s) - 80,00% - Score 0 goal in Penalty Kill
Sabres - 2 on 4 Attempt(s) - 50,00% - Score 0 goal in Penalty Kill

Official

Referees : Charron Francis and Morton Dean
Linesman : Jay Sharrers and Jonny Murray

Game Notes

Vesa Toskala enters game at 11:53 of 2nd period
Kyle Wellwood is injured at 12:43 of 3rd period (Left Hand)
Markus Naslund has scored a Hat Trick!
Mats Sundin and Jason Arnott fight to a draw at 13:04 of 3rd period
19:19 of 3rd period - Jets goal is going for a video replay. After video review, Goal.

Finance

Level 1 -- Attendance: 5054 (84,23%) -- Ticket Income 449 806 $
Level 2 -- Attendance: 4892 (97,84%) -- Ticket Income 259 276 $
Level 3 -- Attendance: 1480 (74,00%) -- Ticket Income 50 320 $
Level 4 -- Attendance: 3399 (84,98%) -- Ticket Income 64 581 $
Luxury Box -- Attendance: 760 (76,00%) -- Ticket Income 131 480 $
Game was played at the Duff Garden
Total Attendance: 15585 (86,58%)
Total Ticket Income: 955 463 $
Other Income: 47 773 $
Total Income: 1 003 236 $

Jets

5 vs 5 Forward 
   Center                   Left Wing                Right Wing               Time % Phy DF OF 
 1 Jason Arnott             Keith Tkachuk            Adam Burish              33     1   2  2  
 2 Jason Allison            Benoit Pouliot           Shane Doan               32     1   1  3  
 3 Kyle Wellwood            Jussi Jokinen            Martin Erat              25     1   1  3  
 4 Tuomo Ruutu              Mike Leclerc             David Vyborny            10     1   2  2  

5 vs 5 Defense 
   Defense                  Defense                                           Time % Phy DF OF 
 1 Bryce Salvador           Dmitri Kalinin                                    40     2   2  1  
 2 Pavel Kubina             Jeff Schultz                                      30     2   2  1  
 3 Colin White              Niklas Kronwall                                   20     1   2  2  
 4 Jeff Schultz             Dmitri Kalinin                                    10     2   2  1  

PowerPlay Forward 
   Center                   Left Wing                Right Wing               Time % Phy DF OF 
 1 Jason Allison            Benoit Pouliot           Shane Doan               60     1   0  4  
 2 Jason Arnott             Keith Tkachuk            Martin Erat              40     1   0  4  

PowerPlay Defense
   Defense                  Defense                                           Time % Phy DF OF 
 1 Dmitri Kalinin           Niklas Kronwall                                   60     0   1  4  
 2 Pavel Kubina             Jeff Schultz                                      40     0   2  3  

Penalty Kill 4 Players Forward 
   Center                   Wing                     Time % Phy DF OF 
 1 Jason Arnott             Adam Burish              60     0   4  1  
 2 Tuomo Ruutu              Keith Tkachuk            40     0   4  1  

Penalty Kill 4 Players Defense
   Defense                  Defense                  Time % Phy DF OF 
 1 Dmitri Kalinin           Bryce Salvador           60     1   4  0  
 2 Colin White              Jeff Schultz             40     1   4  0  

Penalty Kill - 3 Players Forward 
   Forward                                           Time % Phy DF OF 
 1 Keith Tkachuk                                     60     0   4  1  
 2 Jason Arnott                                      40     0   4  1  

Penalty Kill - 3 Players Defense
   Defense                  Defense                  Time % Phy DF OF 
 1 Dmitri Kalinin           Bryce Salvador           60     1   2  2  
 2 Colin White              Jeff Schultz             40     1   2  2  

4 vs 4 Forward 
   Center                   Wing                     Time % Phy DF OF 
 1 Jason Allison            Shane Doan               60     1   2  2  
 2 Jason Arnott             Benoit Pouliot           40     1   2  2  

4 vs 4 Defense
   Defense                  Defense                  Time % Phy DF OF 
 1 Dmitri Kalinin           Jeff Schultz             60     1   2  2  
 2 Niklas Kronwall          Bryce Salvador           40     1   2  2  

Last Minutes Offensive
   Center                   Left Wing                Right Wing               Defense                  Defense                  
   Jason Allison            Benoit Pouliot           Shane Doan               Pavel Kubina             Dmitri Kalinin           

Last Minutes Defensive
   Center                   Left Wing                Right Wing               Defense                  Defense                  
   Jason Arnott             Adam Burish              Keith Tkachuk            Bryce Salvador           Dmitri Kalinin           

Goaltenders
Starting : Maxime Daigneault        
Backup : Ilya Bryzgalov           

Extra Forwards
Normal : Jussi Jokinen, Benoit Pouliot, Keith Tkachuk - PP : Shane Doan, Benoit Pouliot - PK : Kyle Wellwood
Extra Defensemen
Normal : Colin White, Jeff Schultz, Dmitri Kalinin - PP : Niklas Kronwall - PK : Bryce Salvador, Dmitri Kalinin
Penalty Shots
Jason Arnott, Benoit Pouliot, Keith Tkachuk, Shane Doan, Jason Allison

Sabres

5 vs 5 Forward 
   Center                   Left Wing                Right Wing               Time % Phy DF OF 
 1 Mats Sundin              Markus Naslund           Daniel Cleary            40     1   2  2  
 2 Brendan Morrison         Chris Simon              Niclas Bergfors          30     1   2  2  
 3 Dominic Moore            Kyle Calder              Tomas Kopecky            20     1   2  2  
 4 Boyd Devereaux           Sean Avery               Mats Sundin              10     1   2  2  

5 vs 5 Defense 
   Defense                  Defense                                           Time % Phy DF OF 
 1 Jason Smith              Michal Rozsival                                   40     1   2  2  
 2 Dan McGillis             Ole-Kristian Tollefsen                            30     1   2  2  
 3 Niclas Havelid           Mattias Timander                                  20     1   2  2  
 4 Stanislav Neckar         Jason Smith                                       10     1   2  2  

PowerPlay Forward 
   Center                   Left Wing                Right Wing               Time % Phy DF OF 
 1 Mats Sundin              Markus Naslund           Daniel Cleary            60     1   2  2  
 2 Brendan Morrison         Chris Simon              Niclas Bergfors          40     1   2  2  

PowerPlay Defense
   Defense                  Defense                                           Time % Phy DF OF 
 1 Jason Smith              Michal Rozsival                                   60     1   2  2  
 2 Dan McGillis             Ole-Kristian Tollefsen                            40     1   2  2  

Penalty Kill 4 Players Forward 
   Center                   Wing                     Time % Phy DF OF 
 1 Mats Sundin              Markus Naslund           60     1   2  2  
 2 Brendan Morrison         Chris Simon              40     1   2  2  

Penalty Kill 4 Players Defense
   Defense                  Defense                  Time % Phy DF OF 
 1 Jason Smith              Michal Rozsival          60     1   2  2  
 2 Dan McGillis             Ole-Kristian Tollefsen   40     1   2  2  

Penalty Kill - 3 Players Forward 
   Forward                                           Time % Phy DF OF 
 1 Mats Sundin                                       60     1   2  2  
 2 Markus Naslund                                    40     1   2  2  

Penalty Kill - 3 Players Defense
   Defense                  Defense                  Time % Phy DF OF 
 1 Jason Smith              Michal Rozsival          60     1   2  2  
 2 Dan McGillis             Ole-Kristian Tollefsen   40     1   2  2  

4 vs 4 Forward 
   Center                   Wing                     Time % Phy DF OF 
 1 Mats Sundin              Markus Naslund           60     1   2  2  
 2 Brendan Morrison         Chris Simon              40     1   2  2  

4 vs 4 Defense
   Defense                  Defense                  Time % Phy DF OF 
 1 Jason Smith              Michal Rozsival          60     1   2  2  
 2 Dan McGillis             Ole-Kristian Tollefsen   40     1   2  2  

Last Minutes Offensive
   Center                   Left Wing                Right Wing               Defense                  Defense                  
   Mats Sundin              Markus Naslund           Daniel Cleary            Jason Smith              Michal Rozsival          

Last Minutes Defensive
   Center                   Left Wing                Right Wing               Defense                  Defense                  
   Mats Sundin              Markus Naslund           Daniel Cleary            Jason Smith              Michal Rozsival          

Goaltenders
Starting : Niklas Backstrom         
Backup : Vesa Toskala             

Extra Forwards
Normal : Dominic Moore, Kyle Calder, Sean Avery - PP : Dominic Moore, Kyle Calder - PK : Sean Avery
Extra Defensemen
Normal : Niclas Havelid, Mattias Timander, Stanislav Neckar - PP : Niclas Havelid - PK : Mattias Timander, Stanislav Neckar
Penalty Shots
Mats Sundin, Markus Naslund, Brendan Morrison, Chris Simon, Dominic Moore

% Time on Ice - Jets

Lines # - Real PCT - Wanted PCT - Time Play
Normal Forward
1 - 31% - 33% - 13:43
2 - 34% - 32% - 15:19
3 - 22% - 25% - 9:49
4 - 14% - 10% - 6:05
Normal Defense
1 - 40% - 40% - 17:48
2 - 33% - 30% - 14:57
3 - 23% - 20% - 10:28
4 - 4% - 10% - 1:43
PP Forward
1 - 63% - 60% - 2:08
2 - 37% - 40% - 1:14
PP Defense
1 - 64% - 60% - 2:10
2 - 36% - 40% - 1:12
PK Forward
1 - 82% - 60% - 5:55
2 - 18% - 40% - 1:20
PK Defense
1 - 57% - 60% - 4:09
2 - 43% - 40% - 3:06
PK3 Forward
1 - 0% - 60%
2 - 0% - 40%
PK3 Defense
1 - 0% - 60%
2 - 0% - 40%
44 Forward
1 - 59% - 60% - 2:19
2 - 41% - 40% - 1:36
44 Defense
1 - 63% - 60% - 2:29
2 - 37% - 40% - 1:26
Last Minute Offensive  - 0:00
Last Minute Defensive  - 0:32
Total
Forward - 60:00
Defense - 60:00

% Time on Ice - Sabres

Lines # - Real PCT - Wanted PCT - Time Play
Normal Forward
1 - 31% - 40% - 14:02
2 - 32% - 30% - 14:27
3 - 24% - 20% - 10:34
4 - 13% - 10% - 5:52
Normal Defense
1 - 36% - 40% - 16:12
2 - 31% - 30% - 13:47
3 - 25% - 20% - 11:20
4 - 8% - 10% - 3:36
PP Forward
1 - 56% - 60% - 4:03
2 - 44% - 40% - 3:12
PP Defense
1 - 68% - 60% - 4:56
2 - 32% - 40% - 2:19
PK Forward
1 - 77% - 60% - 2:35
2 - 23% - 40% - 0:47
PK Defense
1 - 72% - 60% - 2:25
2 - 28% - 40% - 0:57
PK3 Forward
1 - 0% - 60%
2 - 0% - 40%
PK3 Defense
1 - 0% - 60%
2 - 0% - 40%
44 Forward
1 - 90% - 60% - 3:32
2 - 10% - 40% - 0:23
44 Defense
1 - 51% - 60% - 1:59
2 - 49% - 40% - 1:56
Last Minute Offensive  - 0:33
Last Minute Defensive  - 0:00
Total
Forward - 60:00
Defense - 60:00

Play by Play

1st period


0:01 of 1st period - Mats Sundin wins face-off versus Keith Tkachuk in neutral zone.
0:12 of 1st period - Wrist shot by Mats Sundin.
0:12 of 1st period - Shot Blocked by Bryce Salvador.
0:32 of 1st period - Wrist shot by Shane Doan.
0:32 of 1st period - Shot Misses the Net.
0:49 of 1st period - Slapshot by Tomas Kopecky.
0:49 of 1st period - Shot Misses the Net.
0:51 of 1st period - Slapshot by Dan McGillis.
0:51 of 1st period - Deflect By Tomas Kopecky.
0:51 of 1st period - Stopped by Maxime Daigneault with a rebound.
1:09 of 1st period - Snap shot by Tuomo Ruutu.
1:09 of 1st period - Shot Misses the Net.
1:15 of 1st period - Bryce Salvador is hit by Boyd Devereaux and loses puck.
1:44 of 1st period - Wrist shot by Shane Doan.
1:44 of 1st period - Shot Blocked by Mattias Timander.
1:46 of 1st period - Slapshot by Dmitri Kalinin.
1:46 of 1st period - Shot Blocked by Mattias Timander.
1:48 of 1st period - Snap shot by Bryce Salvador.
1:48 of 1st period - Deflect By Jason Allison.
1:48 of 1st period - Stopped by Niklas Backstrom without a rebound.
1:49 of 1st period - Jason Allison wins face-off versus Dominic Moore in Sabres zone.
1:50 of 1st period - Slapshot by Benoit Pouliot.
1:50 of 1st period - Stopped by Niklas Backstrom with a rebound.
2:14 of 1st period - Snap shot by Brendan Morrison.
2:14 of 1st period - Shot Misses the Net.
2:22 of 1st period - Wrist shot by Kyle Wellwood.
2:22 of 1st period - Shot Misses the Net.
2:31 of 1st period - Minor Penalty to Adam Burish for Hooking.
2:32 of 1st period - Mats Sundin wins face-off versus Jason Arnott in Jets zone.
2:33 of 1st period - Snap shot by Markus Naslund.
2:33 of 1st period - Shot Blocked by Jason Arnott.
3:09 of 1st period - Dmitri Kalinin is hit by Ole-Kristian Tollefsen and loses puck.
3:58 of 1st period - Jeff Schultz is hit by Markus Naslund and loses puck.
4:11 of 1st period - Dmitri Kalinin is hit by Michal Rozsival and loses puck.
4:31 of 1st period - Penalty to Adam Burish is over, Adam Burish is back on ice.
4:54 of 1st period - Icing by Niclas Havelid.
4:55 of 1st period - Dominic Moore wins face-off versus Kyle Wellwood in Sabres zone.
5:25 of 1st period - Snap shot by Kyle Calder.
5:25 of 1st period - Shot Misses the Net.
5:43 of 1st period - Snap shot by Kyle Wellwood.
5:43 of 1st period - Shot Misses the Net.
5:45 of 1st period - Backhand shot by Martin Erat.
5:45 of 1st period - Stopped by Niklas Backstrom with a rebound.
5:47 of 1st period - Backhand shot by Dmitri Kalinin.
5:47 of 1st period - Shot Blocked by Mattias Timander.
5:49 of 1st period - Slapshot by Kyle Wellwood.
5:49 of 1st period - Shot Misses the Net.
5:57 of 1st period - Slapshot by Kyle Wellwood.
5:57 of 1st period - Shot Misses the Net.
5:59 of 1st period - Wrist shot by Kyle Wellwood.
5:59 of 1st period - Stopped by Niklas Backstrom without a rebound.
6:00 of 1st period - Mats Sundin wins face-off versus Jason Arnott in Sabres zone.
6:09 of 1st period - Backhand shot by Mats Sundin.
6:09 of 1st period - Shot Blocked by Pavel Kubina.
6:11 of 1st period - Slapshot by Michal Rozsival.
6:11 of 1st period - Shot Misses the Net.
6:13 of 1st period - Slapshot by Michal Rozsival.
6:13 of 1st period - Shot Blocked by Adam Burish.
6:15 of 1st period - Wrist shot by Markus Naslund.
6:15 of 1st period - Goal by Markus Naslund - Jets : 0 - Sabres : 1.
6:16 of 1st period - Jason Allison wins face-off versus Mats Sundin in neutral zone.
6:19 of 1st period - Snap shot by Benoit Pouliot.
6:19 of 1st period - Stopped by Niklas Backstrom with a rebound.
6:41 of 1st period - Jason Arnott is hit by Chris Simon.
7:13 of 1st period - Icing by Michal Rozsival.
7:14 of 1st period - Jason Allison wins face-off versus Boyd Devereaux in Sabres zone.
7:52 of 1st period - Snap shot by Niclas Bergfors.
7:52 of 1st period - Shot Misses the Net.
7:54 of 1st period - Slapshot by Michal Rozsival.
7:54 of 1st period - Stopped by Maxime Daigneault with a rebound.
9:16 of 1st period - Snap shot by Keith Tkachuk.
9:16 of 1st period - Stopped by Niklas Backstrom without a rebound.
9:17 of 1st period - Dominic Moore wins face-off versus Jason Allison in Sabres zone.
9:17 of 1st period - Dominic Moore is hit by Jason Allison.
9:49 of 1st period - Slapshot by Niclas Bergfors.
9:49 of 1st period - Deflect By Adam Burish.
9:49 of 1st period - Shot Misses the Net.
9:49 of 1st period - Puck is out of play.
9:50 of 1st period - Jason Arnott wins face-off versus Markus Naslund in Jets zone.
10:23 of 1st period - Off-side.
10:24 of 1st period - Kyle Wellwood wins face-off versus Brendan Morrison in neutral zone.
10:26 of 1st period - Off-side.
10:27 of 1st period - Brendan Morrison wins face-off versus Jason Allison in neutral zone.
10:57 of 1st period - Snap shot by Mats Sundin.
10:57 of 1st period - Stopped by Maxime Daigneault with a rebound.
10:59 of 1st period - Wrist shot by Mats Sundin.
10:59 of 1st period - Shot Misses the Net.
11:01 of 1st period - Snap shot by Daniel Cleary.
11:01 of 1st period - Stopped by Maxime Daigneault without a rebound.
11:02 of 1st period - Jason Allison wins face-off versus Mats Sundin in Jets zone.
11:29 of 1st period - Jason Arnott is hit by Chris Simon and loses puck.
11:48 of 1st period - Snap shot by Kyle Calder.
11:48 of 1st period - Stopped by Maxime Daigneault without a rebound.
11:49 of 1st period - Kyle Wellwood wins face-off versus Dominic Moore in Jets zone.
12:18 of 1st period - Snap shot by Markus Naslund.
12:18 of 1st period - Shot Blocked by Jason Allison.
12:20 of 1st period - Backhand shot by Mats Sundin.
12:20 of 1st period - Deflect By Markus Naslund.
12:20 of 1st period - Shot Blocked by Benoit Pouliot.
12:20 of 1st period - Puck is out of play.
12:21 of 1st period - Jason Allison wins face-off versus Mats Sundin in Jets zone.
12:42 of 1st period - Shane Doan is hit by Markus Naslund and loses puck.
13:36 of 1st period - Minor Penalty to Sean Avery for Hooking.
13:37 of 1st period - Jason Allison wins face-off versus Mats Sundin in Sabres zone.
15:36 of 1st period - Penalty to Sean Avery is over, Sean Avery is back on ice.
16:01 of 1st period - Snap shot by Jussi Jokinen.
16:01 of 1st period - Goal by Jussi Jokinen - Jets : 1 - Sabres : 1.
16:02 of 1st period - Mats Sundin wins face-off versus Jason Allison in neutral zone.
16:13 of 1st period - Snap shot by Mats Sundin.
16:13 of 1st period - Stopped by Maxime Daigneault with a rebound.
16:18 of 1st period - Off-side.
16:19 of 1st period - Jason Arnott wins face-off versus Brendan Morrison in neutral zone.
16:43 of 1st period - Jason Smith is hit by Jason Arnott and loses puck.
17:21 of 1st period - Snap shot by Adam Burish.
17:21 of 1st period - Stopped by Niklas Backstrom without a rebound.
17:22 of 1st period - Mats Sundin wins face-off versus Benoit Pouliot in Sabres zone.
17:28 of 1st period - Off-side.
17:29 of 1st period - Jason Allison wins face-off versus Mats Sundin in neutral zone.
17:40 of 1st period - Slapshot by Jason Allison.
17:40 of 1st period - Shot Blocked by Ole-Kristian Tollefsen.
17:57 of 1st period - Off-side.
17:58 of 1st period - Dominic Moore wins face-off versus Kyle Wellwood in neutral zone.
18:18 of 1st period - Minor Penalty to Niclas Bergfors for Hooking.
18:19 of 1st period - Jason Allison wins face-off versus Mats Sundin in Sabres zone.
18:34 of 1st period - Wrist shot by Jason Allison.
18:34 of 1st period - Shot Misses the Net.
19:00 of 1st period - Backhand shot by Benoit Pouliot.
19:00 of 1st period - Stopped by Niklas Backstrom with a rebound.
19:02 of 1st period - Wrist shot by Benoit Pouliot.
19:02 of 1st period - Deflect By Jason Allison.
19:02 of 1st period - Goal by Jason Allison - Jets : 2 - Sabres : 1.
19:03 of 1st period - Mats Sundin wins face-off versus Jason Arnott in neutral zone.
19:57 of 1st period - Dan McGillis is hit by Bryce Salvador and loses puck.

2nd period


0:01 of 2nd period - Mats Sundin wins face-off versus Jason Allison in neutral zone.
0:06 of 2nd period - Wrist shot by Markus Naslund.
0:06 of 2nd period - Deflect By Daniel Cleary.
0:06 of 2nd period - Stopped by Maxime Daigneault without a rebound.
0:07 of 2nd period - Jason Allison wins face-off versus Daniel Cleary in Jets zone.
0:20 of 2nd period - Slapshot by Markus Naslund.
0:20 of 2nd period - Goal by Markus Naslund - Jets : 2 - Sabres : 2.
0:21 of 2nd period - Mats Sundin wins face-off versus Jason Arnott in neutral zone.
0:46 of 2nd period - Benoit Pouliot is hit by Chris Simon and loses puck.
0:51 of 2nd period - Snap shot by Brendan Morrison.
0:51 of 2nd period - Stopped by Maxime Daigneault with a rebound.
0:53 of 2nd period - Slapshot by Brendan Morrison.
0:53 of 2nd period - Deflect By Niclas Bergfors.
0:53 of 2nd period - Stopped by Maxime Daigneault with a rebound.
0:55 of 2nd period - Snap shot by Chris Simon.
0:55 of 2nd period - Shot Blocked by Shane Doan.
1:13 of 2nd period - Snap shot by Pavel Kubina.
1:13 of 2nd period - Stopped by Niklas Backstrom with a rebound.
1:31 of 2nd period - Boyd Devereaux is hit by Mike Leclerc and loses puck.
1:39 of 2nd period - Icing by Boyd Devereaux.
1:40 of 2nd period - Sean Avery wins face-off versus Jason Arnott in Sabres zone.
2:13 of 2nd period - Wrist shot by Brendan Morrison.
2:13 of 2nd period - Stopped by Maxime Daigneault without a rebound.
2:14 of 2nd period - Jason Arnott wins face-off versus Brendan Morrison in Jets zone.
2:23 of 2nd period - Wrist shot by Keith Tkachuk.
2:23 of 2nd period - Stopped by Niklas Backstrom without a rebound.
2:24 of 2nd period - Jason Arnott wins face-off versus Brendan Morrison in Sabres zone.
2:34 of 2nd period - Minor Penalty to Adam Burish for Interference.
2:35 of 2nd period - Jason Arnott wins face-off versus Mats Sundin in Jets zone.
3:10 of 2nd period - Wrist shot by Michal Rozsival.
3:10 of 2nd period - Shot Misses the Net.
4:34 of 2nd period - Penalty to Adam Burish is over, Adam Burish is back on ice.
4:47 of 2nd period - Wrist shot by Adam Burish.
4:47 of 2nd period - Stopped by Niklas Backstrom without a rebound.
4:48 of 2nd period - Dominic Moore wins face-off versus Tuomo Ruutu in Sabres zone.
5:00 of 2nd period - Wrist shot by Mattias Timander.
5:00 of 2nd period - Stopped by Maxime Daigneault with a rebound.
5:02 of 2nd period - Slapshot by Kyle Calder.
5:02 of 2nd period - Shot Misses the Net.
5:14 of 2nd period - Wrist shot by Boyd Devereaux.
5:14 of 2nd period - Stopped by Maxime Daigneault with a rebound.
6:06 of 2nd period - Adam Burish is hit by Dan McGillis and loses puck.
7:33 of 2nd period - Wrist shot by David Vyborny.
7:33 of 2nd period - Shot Blocked by Mattias Timander.
7:35 of 2nd period - Snap shot by David Vyborny.
7:35 of 2nd period - Stopped by Niklas Backstrom with a rebound.
7:37 of 2nd period - Snap shot by David Vyborny.
7:37 of 2nd period - Shot Blocked by Mattias Timander.
7:39 of 2nd period - Slapshot by Mike Leclerc.
7:39 of 2nd period - Shot Misses the Net.
8:14 of 2nd period - Snap shot by Jason Allison.
8:14 of 2nd period - Shot Misses the Net.
8:46 of 2nd period - Wrist shot by Tuomo Ruutu.
8:46 of 2nd period - Shot Misses the Net.
9:04 of 2nd period - Sean Avery is hit by Niklas Kronwall and loses puck.
9:17 of 2nd period - Markus Naslund is hit by Benoit Pouliot and loses puck.
9:45 of 2nd period - Stanislav Neckar is hit by Martin Erat and loses puck.
9:54 of 2nd period - Brendan Morrison is hit by Kyle Wellwood and loses puck.
10:31 of 2nd period - Tomas Kopecky is hit by Colin White and loses puck.
10:38 of 2nd period - Snap shot by David Vyborny.
10:38 of 2nd period - Stopped by Niklas Backstrom with a rebound.
10:52 of 2nd period - Mats Sundin is hit by Shane Doan and loses puck.
11:09 of 2nd period - Jason Smith is hit by Niklas Kronwall and loses puck.
11:14 of 2nd period - Snap shot by Martin Erat.
11:14 of 2nd period - Shot Misses the Net.
11:16 of 2nd period - Slapshot by Jeff Schultz.
11:16 of 2nd period - Shot Blocked by Niclas Bergfors.
11:18 of 2nd period - Snap shot by Dmitri Kalinin.
11:18 of 2nd period - Deflect By Jussi Jokinen.
11:18 of 2nd period - Goal by Jussi Jokinen - Jets : 3 - Sabres : 2.
11:19 of 2nd period - Jason Allison wins face-off versus Brendan Morrison in neutral zone.
11:22 of 2nd period - Ole-Kristian Tollefsen is hit by Dmitri Kalinin and loses puck.
11:49 of 2nd period - Wrist shot by Martin Erat.
11:49 of 2nd period - Stopped by Niklas Backstrom without a rebound.
11:50 of 2nd period - Kyle Wellwood wins face-off versus Mats Sundin in Sabres zone.
11:53 of 2nd period - Snap shot by Martin Erat.
11:53 of 2nd period - Goal by Martin Erat - Jets : 4 - Sabres : 2.
11:53 of 2nd period - Vesa Toskala enters game.
11:54 of 2nd period - Keith Tkachuk wins face-off versus Mats Sundin in neutral zone.
12:19 of 2nd period - Icing by Brendan Morrison.
12:20 of 2nd period - Jason Allison wins face-off versus Brendan Morrison in Sabres zone.
13:14 of 2nd period - Minor Penalty to Tomas Kopecky for Elbowing.
13:14 of 2nd period - Minor Penalty to Pavel Kubina for Roughing.
13:15 of 2nd period - Mats Sundin wins face-off versus Jason Allison in neutral zone.
13:24 of 2nd period - Snap shot by Jason Allison.
13:24 of 2nd period - Stopped by Vesa Toskala with a rebound.
13:26 of 2nd period - Slapshot by Dmitri Kalinin.
13:26 of 2nd period - Shot Blocked by Jason Smith.
13:28 of 2nd period - Slapshot by Shane Doan.
13:28 of 2nd period - Goal by Shane Doan - Jets : 5 - Sabres : 2.
13:29 of 2nd period - Mats Sundin wins face-off versus Jason Allison in neutral zone.
13:36 of 2nd period - Wrist shot by Mats Sundin.
13:36 of 2nd period - Deflect By Markus Naslund.
13:36 of 2nd period - Shot Blocked by Dmitri Kalinin.
13:36 of 2nd period - Puck is out of play.
13:37 of 2nd period - Mats Sundin wins face-off versus Jason Allison in Jets zone.
14:16 of 2nd period - Snap shot by Benoit Pouliot.
14:16 of 2nd period - Shot Misses the Net.
14:18 of 2nd period - Slapshot by Benoit Pouliot.
14:18 of 2nd period - Stopped by Vesa Toskala with a rebound.
14:20 of 2nd period - Wrist shot by Jason Arnott.
14:20 of 2nd period - Stopped by Vesa Toskala with a rebound.
15:05 of 2nd period - Dominic Moore is hit by Benoit Pouliot and loses puck.
15:14 of 2nd period - Penalty to Tomas Kopecky is over, Tomas Kopecky is back on ice.
15:14 of 2nd period - Penalty to Pavel Kubina is over, Pavel Kubina is back on ice.
15:38 of 2nd period - Snap shot by Pavel Kubina.
15:38 of 2nd period - Stopped by Vesa Toskala without a rebound.
15:39 of 2nd period - Dominic Moore wins face-off versus Tuomo Ruutu in Sabres zone.
15:41 of 2nd period - Icing by Kyle Calder.
15:42 of 2nd period - Tomas Kopecky wins face-off versus Tuomo Ruutu in Sabres zone.
16:07 of 2nd period - Snap shot by Markus Naslund.
16:07 of 2nd period - Shot Blocked by Jason Allison.
16:12 of 2nd period - Wrist shot by Daniel Cleary.
16:12 of 2nd period - Shot Misses the Net.
16:16 of 2nd period - Snap shot by Mats Sundin.
16:16 of 2nd period - Deflect By Markus Naslund.
16:16 of 2nd period - Stopped by Maxime Daigneault with a rebound.
16:26 of 2nd period - Snap shot by Brendan Morrison.
16:26 of 2nd period - Shot Blocked by Niklas Kronwall.
16:28 of 2nd period - Slapshot by Niclas Havelid.
16:28 of 2nd period - Stopped by Maxime Daigneault with a rebound.
16:30 of 2nd period - Snap shot by Brendan Morrison.
16:30 of 2nd period - Stopped by Maxime Daigneault without a rebound.
16:31 of 2nd period - Brendan Morrison wins face-off versus Jason Arnott in Jets zone.
16:34 of 2nd period - Snap shot by Brendan Morrison.
16:34 of 2nd period - Stopped by Maxime Daigneault with a rebound.
16:36 of 2nd period - Snap shot by Niclas Bergfors.
16:36 of 2nd period - Goal by Niclas Bergfors - Jets : 5 - Sabres : 3.
16:37 of 2nd period - Jason Allison wins face-off versus Mats Sundin in neutral zone.
16:46 of 2nd period - Slapshot by Bryce Salvador.
16:46 of 2nd period - Shot Misses the Net.
16:48 of 2nd period - Wrist shot by Jason Allison.
16:48 of 2nd period - Stopped by Vesa Toskala with a rebound.
17:04 of 2nd period - Bryce Salvador is hit by Brendan Morrison and loses puck.
17:13 of 2nd period - Wrist shot by Brendan Morrison.
17:13 of 2nd period - Shot Misses the Net.
17:15 of 2nd period - Backhand shot by Brendan Morrison.
17:15 of 2nd period - Shot Hit the Post.
17:17 of 2nd period - Snap shot by Ole-Kristian Tollefsen.
17:17 of 2nd period - Shot Misses the Net.
17:33 of 2nd period - Snap shot by Kyle Calder.
17:33 of 2nd period - Stopped by Maxime Daigneault without a rebound.
17:34 of 2nd period - Jason Allison wins face-off versus Mats Sundin in Jets zone.
17:34 of 2nd period - Jason Allison is hit by Niclas Havelid.
18:23 of 2nd period - Snap shot by Kyle Calder.
18:23 of 2nd period - Shot Blocked by Kyle Wellwood.
18:31 of 2nd period - Jason Smith is hit by Pavel Kubina and loses puck.
19:30 of 2nd period - Snap shot by Boyd Devereaux.
19:30 of 2nd period - Shot Misses the Net.
19:32 of 2nd period - Snap shot by Michal Rozsival.
19:32 of 2nd period - Stopped by Maxime Daigneault with a rebound.
19:34 of 2nd period - Wrist shot by Boyd Devereaux.
19:34 of 2nd period - Shot Misses the Net.
19:56 of 2nd period - Slapshot by Mats Sundin.
19:56 of 2nd period - Shot Misses the Net.
19:58 of 2nd period - Snap shot by Boyd Devereaux.
19:58 of 2nd period - Stopped by Maxime Daigneault without a rebound.
19:59 of 2nd period - Jason Arnott wins face-off versus Brendan Morrison in Jets zone.

3rd period


0:01 of 3rd period - Markus Naslund wins face-off versus Jason Arnott in neutral zone.
0:28 of 3rd period - Icing by Jason Smith.
0:29 of 3rd period - Mats Sundin wins face-off versus Kyle Wellwood in Sabres zone.
0:40 of 3rd period - Snap shot by Mats Sundin.
0:40 of 3rd period - Shot Blocked by Kyle Wellwood.
0:46 of 3rd period - Daniel Cleary is hit by Martin Erat and loses puck.
0:58 of 3rd period - Wrist shot by Jussi Jokinen.
0:58 of 3rd period - Deflect By Martin Erat.
0:58 of 3rd period - Stopped by Vesa Toskala with a rebound.
0:59 of 3rd period - Minor Penalty to Daniel Cleary for Roughing.
1:00 of 3rd period - Jason Allison wins face-off versus Markus Naslund in Sabres zone.
1:13 of 3rd period - Slapshot by Dmitri Kalinin.
1:13 of 3rd period - Shot Misses the Net.
1:35 of 3rd period - Slapshot by Niklas Kronwall.
1:35 of 3rd period - Deflect By Martin Erat.
1:35 of 3rd period - Goal by Martin Erat - Jets : 6 - Sabres : 3.
1:36 of 3rd period - Jason Allison wins face-off versus Mats Sundin in neutral zone.
1:49 of 3rd period - Snap shot by Mats Sundin.
1:49 of 3rd period - Shot Misses the Net.
1:51 of 3rd period - Snap shot by Markus Naslund.
1:51 of 3rd period - Stopped by Maxime Daigneault without a rebound.
1:52 of 3rd period - Brendan Morrison wins face-off versus Jason Arnott in Jets zone.
2:05 of 3rd period - Slapshot by Brendan Morrison.
2:05 of 3rd period - Shot Misses the Net.
2:17 of 3rd period - Wrist shot by Tomas Kopecky.
2:17 of 3rd period - Shot Misses the Net.
2:25 of 3rd period - Snap shot by Ole-Kristian Tollefsen.
2:25 of 3rd period - Stopped by Maxime Daigneault without a rebound.
2:26 of 3rd period - Jason Allison wins face-off versus Mats Sundin in Jets zone.
3:10 of 3rd period - Snap shot by Shane Doan.
3:10 of 3rd period - Shot Misses the Net.
3:11 of 3rd period - Minor Penalty to Shane Doan for Holding.
3:12 of 3rd period - Mats Sundin wins face-off versus Jason Arnott in Jets zone.
3:19 of 3rd period - Snap shot by Markus Naslund.
3:19 of 3rd period - Shot Misses the Net.
4:22 of 3rd period - Snap shot by Bryce Salvador.
4:22 of 3rd period - Shot Misses the Net.
5:09 of 3rd period - Adam Burish is hit by Kyle Calder and loses puck.
5:11 of 3rd period - Penalty to Shane Doan is over, Shane Doan is back on ice.
5:26 of 3rd period - Niclas Havelid is hit by Benoit Pouliot.
6:02 of 3rd period - Chris Simon is hit by Jason Allison and loses puck.
7:58 of 3rd period - Chris Simon is hit by David Vyborny and loses puck.
8:09 of 3rd period - Kyle Wellwood is hit by Michal Rozsival and loses puck.
8:27 of 3rd period - Kyle Calder is hit by Bryce Salvador and loses puck.
8:46 of 3rd period - Snap shot by Mats Sundin.
8:46 of 3rd period - Stopped by Maxime Daigneault without a rebound.
8:47 of 3rd period - Boyd Devereaux wins face-off versus Kyle Wellwood in Jets zone.
8:48 of 3rd period - Snap shot by Mats Sundin.
8:48 of 3rd period - Deflect By Boyd Devereaux.
8:48 of 3rd period - Shot Misses the Net.
8:48 of 3rd period - Puck is out of play.
8:49 of 3rd period - Mats Sundin wins face-off versus Kyle Wellwood in Jets zone.
9:00 of 3rd period - Wrist shot by Mats Sundin.
9:00 of 3rd period - Shot Blocked by Kyle Wellwood.
9:02 of 3rd period - Snap shot by Dan McGillis.
9:02 of 3rd period - Stopped by Maxime Daigneault without a rebound.
9:03 of 3rd period - Brendan Morrison wins face-off versus Jason Arnott in Jets zone.
9:38 of 3rd period - Snap shot by Benoit Pouliot.
9:38 of 3rd period - Stopped by Vesa Toskala with a rebound.
10:18 of 3rd period - Tomas Kopecky is hit by Keith Tkachuk and loses puck.
11:35 of 3rd period - Snap shot by Boyd Devereaux.
11:35 of 3rd period - Stopped by Maxime Daigneault with a rebound.
11:37 of 3rd period - Wrist shot by Boyd Devereaux.
11:37 of 3rd period - Shot Misses the Net.
11:39 of 3rd period - Wrist shot by Boyd Devereaux.
11:39 of 3rd period - Goal by Boyd Devereaux - Jets : 6 - Sabres : 4.
11:40 of 3rd period - Mats Sundin wins face-off versus Jason Arnott in neutral zone.
11:42 of 3rd period - Minor Penalty to Jason Arnott for Goalie Interference.
11:43 of 3rd period - Mats Sundin wins face-off versus Kyle Wellwood in Jets zone.
11:56 of 3rd period - Snap shot by Mats Sundin.
11:56 of 3rd period - Stopped by Maxime Daigneault with a rebound.
12:09 of 3rd period - Icing by Chris Simon.
12:10 of 3rd period - Jason Allison wins face-off versus Chris Simon in Sabres zone.
12:41 of 3rd period - Slapshot by Michal Rozsival.
12:41 of 3rd period - Stopped by Maxime Daigneault without a rebound.
12:42 of 3rd period - Kyle Wellwood wins face-off versus Mats Sundin in Jets zone.
12:42 of 3rd period - Kyle Wellwood is hit by Dan McGillis.
12:43 of 3rd period - Kyle Wellwood from Jets is injured at 12:43 of 3rd period (Left Hand).
12:44 of 3rd period - Mats Sundin wins face-off versus Jason Allison in Jets zone.
12:45 of 3rd period - Slapshot by Markus Naslund.
12:45 of 3rd period - Shot Misses the Net.
12:47 of 3rd period - Snap shot by Daniel Cleary.
12:47 of 3rd period - Stopped by Maxime Daigneault without a rebound.
12:48 of 3rd period - Jason Allison wins face-off versus Mats Sundin in Jets zone.
12:57 of 3rd period - Wrist shot by Markus Naslund.
12:57 of 3rd period - Goal by Markus Naslund - Jets : 6 - Sabres : 5.
12:58 of 3rd period - Mats Sundin wins face-off versus Jason Arnott in neutral zone.
13:04 of 3rd period - Mats Sundin and Jason Arnott fight to a draw.
13:04 of 3rd period - Penalty to Mats Sundin for Fighting.
13:04 of 3rd period - Penalty to Jason Arnott for Fighting.
13:04 of 3rd period - Penalty to Mats Sundin for instigated a fight.
13:04 of 3rd period - Penalty to Mats Sundin for instigated a fight.
13:05 of 3rd period - Jason Allison wins face-off versus Markus Naslund in Jets zone.
13:07 of 3rd period - Minor Penalty to Benoit Pouliot for Holding.
13:08 of 3rd period - Jason Allison wins face-off versus Dominic Moore in Jets zone.
15:04 of 3rd period - Penalty to Mats Sundin is over, Dominic Moore is send on ice.
15:07 of 3rd period - Penalty to Benoit Pouliot is over, Benoit Pouliot is back on ice.
15:12 of 3rd period - Keith Tkachuk is hit by Ole-Kristian Tollefsen and loses puck.
15:27 of 3rd period - Wrist shot by Brendan Morrison.
15:27 of 3rd period - Stopped by Maxime Daigneault with a rebound.
18:58 of 3rd period - Niclas Havelid is hit by Bryce Salvador and loses puck.
19:15 of 3rd period - Slapshot by Pavel Kubina.
19:15 of 3rd period - Stopped by Vesa Toskala with a rebound.
19:17 of 3rd period - Snap shot by Keith Tkachuk.
19:17 of 3rd period - Shot Blocked by Mattias Timander.
19:19 of 3rd period - Snap shot by Jason Arnott.
19:19 of 3rd period - Jets goal is going for a video replay.
19:19 of 3rd period - The goal is good.
19:19 of 3rd period - Goal by Jason Arnott - Jets : 7 - Sabres : 5.
19:20 of 3rd period - Jason Allison wins face-off versus Kyle Calder in neutral zone.
19:38 of 3rd period - Icing by Martin Erat.
19:39 of 3rd period - Jason Allison wins face-off versus Kyle Calder in Jets zone.


Output by the SimonT Hockey Simulator (STHS) for François Prévost -- Original Page W3C XHTML 1.0 Valid
Hockey Simulator - Hockey Simulation - Hockey Manager